 Dungeon Crawl Stone Soup version 0.24.0-123-gd5b16e6ec5 (webtiles) character file.

Game seed: 456115261640687045, levelgen mode: deterministic

804 SirRappy the Basher (level 7, -2/41 HPs)
             Began as a Gargoyle Fighter on Jan 27, 2020.
             Was a Follower of Makhleb.
             Slain by an orc warrior
             ... wielding a +0 dire flail
              (15 damage)
             ... on level 5 of the Dungeon.
             The game lasted 00:12:05 (3538 turns).

SirRappy the Basher (Gargoyle Fighter)              Turns: 3538, Time: 00:12:05

Health: -2/41      AC: 14    Str: 26    XL:     7   Next: 91%
Magic:  16/16      EV:  7    Int:  9    God:    Makhleb [*.....]
Gold:   215        SH:  9    Dex:  9    Spells: 6/6 levels left

rFire    . . .     SeeInvis .   x - +0 flail (crush)
rCold    + . .     Gourm    .   c - +0 shield
rNeg     + . .     Faith    .   y - +2 scale mail {rC+}
rPois    ∞         Spirit   .   k - +0 helmet
rElec    +         Reflect  .   (no cloak)
rCorr    .         Harm     .   (no gloves)
MR       .....                  (no boots)
Stlth    ..........             (no amulet)
HPRegen  0.13/turn              e - ring of magical power
MPRegen  0.15/turn              (no ring)

@: mighty
A: negative energy resistance 1, electricity resistance, unbreathing,
petrification resistance, rot immunity, AC +4
a: Renounce Religion


You were on level 5 of the Dungeon.
You worshipped Makhleb.
Makhleb was aware of your devotion.
You were not hungry.

You visited 2 branches of the dungeon, and saw 6 of its levels.

You collected 215 gold pieces.

Inventory:

Hand Weapons
 x - a +0 flail of crushing (weapon)
Missiles
 g - 38 poisoned darts (quivered)
Armour
 c - a +0 shield (worn)
 k - a +0 helmet (worn)
 y - a +2 scale mail of cold resistance (worn)
Jewellery
 e - a ring of magical power (left hand)
 t - an uncursed ring of protection from magic {unknown}
Wands
 a - a wand of disintegration (19)
Scrolls
 h - a scroll of teleportation
 i - 3 scrolls of remove curse
 j - a scroll of enchant armour {unknown}
 l - 6 scrolls of identify
 m - 2 scrolls of immolation
 p - a scroll of enchant weapon {unknown}
Potions
 b - a potion of resistance
 d - a potion of might
 n - 2 potions of flight {unknown}
 o - 3 potions of heal wounds {unknown}
 q - a potion of degeneration {unknown}
 r - 4 potions of curing {unknown}
 s - a potion of mutation {unknown}
 u - a potion of agility {unknown}
 v - a potion of brilliance {unknown}
Comestibles
 f - 8 rations


   Skills:
 - Level 3.2 Fighting
 * Level 8.8 Maces & Flails
 - Level 3.2 Armour
 - Level 3.2 Shields


You had 6 spell levels left.
You didn't know any spells.
Your spell library was empty.

Dungeon Overview and Level Annotations

Branches:
Dungeon (5/15)             Temple (1/1) D:4

Altars:
Ashenzari
Cheibriados
Dithmenos
Elyvilon
Fedhas
Gozag
Hepliaklqana
Kikubaaqudgha
Makhleb
Nemelex Xobeh
Okawaru
Qazlal
Ru
Sif Muna
Trog
Uskayaw
Vehumet
Wu Jian
Xom
Yredelemnul
Zin
The Shining One


Innate Abilities, Weirdness & Mutations

You are resistant to torment.
Your stone body is resilient. (AC +4)
You are immune to poison.
You resist negative energy. (rN+)
You are resistant to electric shocks. (rElec)
You can survive without breathing.
You are immune to petrification.
You are immune to rotting.


Message History

An orc warrior comes into view. It is wielding a +0 dire flail.
The orc warrior shouts!
A centaur skeleton comes into view.
A scorpion comes into view.
A scorpion comes into view.
Found a scroll of identify.
The orc warrior hits you with a +0 dire flail!
You hit the orc warrior but do no damage.
You block the orc warrior's attack.
You closely miss the orc warrior.
The orc warrior hits you but does no damage.
You closely miss the orc warrior. You block the orc warrior's attack.
You barely miss the orc warrior. You block the orc warrior's attack.
You closely miss the orc warrior.
The orc warrior hits you with a +0 dire flail!
You feel very mighty all of a sudden.
The orc warrior hits you with a +0 dire flail.
You sock the orc warrior!
The orc warrior is heavily wounded.
The orc warrior hits you with a +0 dire flail!
You die...

###+########.#.# #...#
.............#.# #.#.# #.
########.#####.# #.#.## ##.
...............# ..#..# ..
...####..####### #.###.## #.
...####..# ###.. #..### .
.........# ####...# .##...####
....########....###s..###....####
...[.........)..@oZs...?####.....
############....###...###....####
. ####...##.##...#### ## ###..#
#..# #. ##.###.# #. #..#.. #.
##.#.########### #.#.#.......# #
#...#.......# #


You could see an orc warrior, 2 scorpions and a centaur skeleton.

Vanquished Creatures
  Edmund (D:4)
  A sky beast (D:5)
  An ice beast (D:5)
  An ogre (D:4)
  A scorpion (D:5)
  A howler monkey (D:5)
  A crimson imp (D:5)
  A hound (D:5)
  An orc priest (D:3)
  A worker ant (D:5)
  4 gnolls (D:4)
  6 adders
  A shadow imp (D:5)
  An ooze (D:2)
  An adder skeleton (D:4)
  6 worms
  A dart slug (D:1)
  4 leopard geckos
  6 orcs (D:3)
  9 bats
  3 giant cockroaches
  6 goblins
  11 hobgoblins
  9 jackals
  2 quokkas
  3 ball pythons
  5 frilled lizards
  7 kobolds
  A rat (D:1)
96 creatures vanquished.

Notes
Turn   | Place    | Note
-------+----------+-------------------------------------------
     0 | D:1      | SirRappy the Gargoyle Fighter began the quest for the Orb.
     0 | D:1      | Reached XP level 1. HP: 14/14 MP: 1/1
    76 | D:1      | Reached XP level 2. HP: 16/19 MP: 2/2
   221 | D:1      | Reached skill level 3 in Maces & Flails
   377 | D:1      | Reached XP level 3. HP: 23/23 MP: 3/3
   557 | D:2      | Found a faded altar of an unknown god.
   808 | D:2      | Reached skill level 4 in Maces & Flails
   840 | D:2      | Reached XP level 4. HP: 24/28 MP: 4/4
   844 | D:2      | Found a white marble altar of Elyvilon.
  1739 | D:3      | Reached skill level 5 in Maces & Flails
  1798 | D:3      | Reached XP level 5. HP: 32/32 MP: 5/5
  2425 | D:4      | Found a staircase to the Ecumenical Temple.
  2431 | Temple   | Entered the Ecumenical Temple
  2506 | Temple   | Became a worshipper of Makhleb the Destroyer
  2526 | D:4      | Noticed an ogre
  2833 | D:4      | Killed an ogre
  2833 | D:4      | Reached skill level 6 in Maces & Flails
  2833 | D:4      | Reached XP level 6. HP: 37/37 MP: 6/6
  3033 | D:4      | Noticed Edmund
  3084 | D:4      | Killed Edmund
  3084 | D:4      | Reached skill level 7 in Maces & Flails
  3221 | D:5      | Entered Level 5 of the Dungeon
  3230 | D:5      | Reached XP level 7. HP: 38/41 MP: 7/7
  3355 | D:5      | Reached skill level 8 in Maces & Flails
  3497 | D:5      | Reached * piety under Makhleb
  3538 | D:5      | Slain by an orc warrior

Levels and vault maps discovered:
D:1:      sevenhm_arrival_forest_fort_small_3, layout_rooms
D:2:      layout_basic, lemuel_round_altar,
          chequers_ecumenical_altar_simple_redux, st_stairs_12
D:3:      layout_loops_ring, first_ration, serial_forest,
          infiniplex_forest_lined_2, infiniplex_forest_clump_diagonal,
          infiniplex_forest_lined_3_way, infiniplex_forest_join,
          infiniplex_forest_end_2, infiniplex_forest_clump_C,
          infiniplex_forest_clump_cross
D:4:      layout_basic, minmay_temple_entry_hall, uniq_edmund
D:5:      minmay_general_purpose_star, layout_basic
Temple:   grunt_wide_crystal_templ

Skill      XL: |  1  2  3  4  5  6  7 |
---------------+----------------------+-----
Maces & Flails | 3 4 5 6 7 8 |  8.8
Fighting       | |  3.2
Armour         | |  3.2
Shields        | |  3.2

Action                   |  1- 3 |  4- 6 |  7- 9 || total
-------------------------+-------+-------+-------++-------
Melee: Flail             |   147 |   258 |    90 ||   495
  Use: Scroll            |     2 |     5 |       ||     7
       Potion            |       |       |     1 ||     1
  Eat: Chunk             |       |     8 |     1 ||     9
Armor: Scale mail        |    32 |     2 |    38 ||    72
       Chain mail        |    49 |   125 |       ||   174
Dodge: Dodged            |    34 |    44 |    12 ||    90
Block: Shield            |    82 |    96 |    48 ||   226
